 Dungeon Crawl Stone Soup version 0.26-a0-613-g4f23886233 (webtiles) character file.

Game seed: 15476227539641045395

1298 MrRokkomies the Slasher (level 8, -1/52 HPs)
             Began as a Tengu Gladiator on Sept 11, 2020.
             Was a Believer of Ru.
             Slain by an ogre
             ... wielding a +0 giant club
              (12 damage)
             ... on level 5 of the Dungeon.
             The game lasted 00:13:33 (5671 turns).

MrRokkomies the Slasher (Tengu Gladiator)           Turns: 5671, Time: 00:13:34

Health: -1/52      AC:  4    Str: 16    XL:     8   Next: 56%
Magic:  9/9        EV: 18    Int: 16    God:    Ru [**....]
Gold:   300        SH:  0    Dex: 15    Spells: 7/7 levels left

rFire    . . .     SeeInvis .   a - +0 great sword
rCold    . . .     Faith    .   (shield currently unavailable)
rNeg     . . .     Spirit   .   t - +0 leather armour
rPois    .         Reflect  .   c - +1 hat
rElec    .         Harm     .   (no cloak)
rCorr    .                      (no gloves)
MR       .....                  (boots unavailable)
Stlth    +.........             (no amulet)
HPRegen  0.17/turn              n - +6 ring of intelligence
MPRegen  0.11/turn              (no ring)

@: lethally poisoned (-1 -> -2), no scrolls, flying quickly and evasively, quick
A: beak, talons 3, inability to read while threatened, able to fly, missing an
eye
a: Stop Flying, Renounce Religion


You were on level 5 of the Dungeon.
You worshipped Ru.
Ru was pleased with you.
You visited 1 branch of the dungeon, and saw 5 of its levels.
You also visited: Sewer.

You collected 300 gold pieces.

Inventory:

Hand Weapons
 a - a +0 great sword (weapon)
 b - a +0 hunting sling
Missiles
 d - 4 throwing nets
 f - 145 stones
 m - 10 boomerangs (quivered)
 s - 3 curare-tipped darts
Armour
 c - a +1 hat (worn)
 t - a +0 leather armour (worn)
Jewellery
 l - an uncursed ring of ice
 n - a +6 ring of intelligence (left hand)
Scrolls
 g - 2 scrolls of fog
 h - 4 scrolls of remove curse
 i - a scroll of teleportation
 k - a scroll of fear
 o - a scroll of magic mapping
 y - a scroll of immolation
Potions
 e - 7 potions of heal wounds
 j - 2 potions of mutation
 p - a potion of lignification
 q - a potion of berserk rage
 r - a potion of might
 u - 2 potions of curing {unknown}
 v - 2 potions of haste {unknown}
 w - a potion of stabbing {unknown}
 A - a potion of ambrosia {unknown}


   Skills:
 * Level 6.6 Fighting
 * Level 7.8 Long Blades
 - Level 2.0 Throwing
 + Level 5.9 Dodging


You had 7 spell levels left.
You didn't know any spells.
Your spell library contained the following spells:

 Spells                   Type           Power        Failure   Level
 Sublimation of Blood     Necr           #.........   43%         2
 Ignite Poison            Fire/Tmut/Pois #.......     67%         3
 Petrify                  Tmut/Erth      #.......     97%         4
 Alistair's Intoxication  Tmut/Pois      #........    100%        5
 Irradiate                Conj/Tmut      #.........   100%        5
 Eringya's Noxious Bog    Tmut/Pois      #.........   100%        6


Dungeon Overview and Level Annotations

Branches:
Dungeon (5/15)             Temple (0/1) D:4           Sewer (visited)

Altars:
Ashenzari
Dithmenos
Ru
Vehumet


Innate Abilities, Weirdness & Mutations

You have a beak for a mouth.
You have claws for feet.
You cannot read scrolls while threatened.
You can fly continuously.
You are missing an eye, making it more difficult to aim.


Message History

You feel sick. The ogre misses you.
You riposte.
You closely miss the ogre.
The ogre is lightly wounded.
You hit the ogre but do no damage. You claw the ogre!
The ogre is moderately wounded.
The ogre hits you with a +0 giant club!!
You barely miss the ogre. You claw the ogre. You peck the ogre.
The ogre is heavily wounded.
The ogre closely misses you.
You slash the ogre! You claw the ogre, but do no damage.
The ogre is almost dead.
You feel sick. The ogre misses you.
You barely miss the ogre. You claw the ogre. Your peck misses the ogre.
The ogre is almost dead.
The ogre hits you with a +0 giant club!!
You feel threatened and lose the ability to read scrolls!
* * * LOW HITPOINT WARNING * * *
You closely miss the ogre.
The ogre is almost dead.
The ogre hits you with a +0 giant club!
You die...

#≈.≈###≈.≈###≈.#... .≈
#≈.≈# #≈.≈# #≈.+...
.≈###≈.≈###≈.≈###≈.####
.≈≈≈≈≈.≈≈≈≈≈.≈≈≈≈≈.....
.......................
.≈≈≈≈≈.≈≈≈≈≈.≈≈≈≈≈.....
.≈###≈.≈###≈.≈###≈.....
#≈.≈# #≈.≈# #≈.....
#≈@≈# #≈.≈###≈.....
≈.≈≈≈≈≈O≈≈≈≈≈.≈≈≈≈≈.....
........................
....##.........#........
.... #.........#........
... #.........#......##
. #.........+......#.
#..##.##+##......'.
#......#.


You could see an ogre.

Vanquished Creatures
  Grinder (Sewer)
  Sigmund (D:3)
  An ogre (D:4)
  A big kobold (Sewer)
  A scorpion (D:4)
  A howler monkey (D:4)
  2 quasits (Sewer)
  A bullfrog zombie (D:5)
  A bullfrog skeleton (D:5)
  A hound (D:4)
  2 orc wizards
  3 worker ants
  Terence (D:3)
  A big kobold zombie (Sewer)
  A hound skeleton (D:4)
  Robin (D:3)
  8 gnolls
  9 adders
  4 shadow imps
  3 ufetubi (Sewer)
  An ooze (Sewer)
  An adder zombie (D:5)
  An adder skeleton (D:3)
  2 worms
  2 dart slugs
  7 leopard geckos
  8 orcs
  A ball python (Sewer)
  6 bats
  11 giant cockroaches
  14 goblins
  7 hobgoblins
  2 jackals (D:1)
  22 kobolds
  2 quokkas
  4 frilled lizards
  12 rats
147 creatures vanquished.

Vanquished Creatures (others)
  An ooze (Sewer)
  A kobold zombie (Sewer)
2 creatures vanquished.

Grand Total: 149 creatures vanquished

Notes
Turn   | Place    | Note
-------+----------+-------------------------------------------
     0 | D:1      | MrRokkomies the Tengu Gladiator began the quest for the
                  | Orb.
     0 | D:1      | Reached XP level 1. HP: 12/12 MP: 2/2
   206 | D:1      | Reached XP level 2. HP: 8/17 MP: 3/3
   925 | D:2      | Reached XP level 3. HP: 18/22 MP: 4/4
   937 | D:2      | Reached skill level 4 in Long Blades
   986 | D:2      | Reached XP level 4. HP: 8/28 MP: 5/5
  1884 | D:2      | Gained mutation: You can fly continuously. [Tengu growth]
  1884 | D:2      | Reached XP level 5. HP: 17/32 MP: 6/6
  2113 | D:2      | Found a shadowy altar of Dithmenos.
  2113 | D:2      | Found a radiant altar of Vehumet.
  2114 | D:2      | Found a sacrificial altar of Ru.
  2120 | D:2      | Became a worshipper of Ru the Awakened
  2437 | D:3      | Noticed Robin
  2453 | D:3      | Killed Robin
  2801 | D:3      | Found a shattered altar of Ashenzari.
  2846 | D:3      | Noticed Terence
  2850 | D:3      | Killed Terence
  2850 | D:3      | Reached skill level 5 in Long Blades
  2893 | D:3      | Noticed Sigmund
  2902 | D:3      | Killed Sigmund
  2902 | D:3      | Reached XP level 6. HP: 28/39 MP: 7/7
  3264 | D:3      | Found a faded altar of an unknown god.
  3709 | D:4      | Gained mutation: You cannot read scrolls while threatened.
                  | [Ru sacrifice]
  3709 | D:4      | Reached * piety under Ru
  3713 | D:4      | Reached XP level 7. HP: 44/44 MP: 8/8
  3749 | D:4      | Reached skill level 6 in Long Blades
  3750 | D:4      | Found a glowing drain.
  3763 | Sewer    | Entered a sewer
  3953 | Sewer    | Reached skill level 5 in Fighting
  4038 | Sewer    | Found a burning altar of Makhleb.
  4048 | Sewer    | Reached skill level 5 in Dodging
  4071 | Sewer    | Noticed Grinder
  4087 | Sewer    | Paralysed by Grinder for 7 turns
  4097 | Sewer    | Killed Grinder
  4431 | Sewer    | Reached skill level 7 in Long Blades
  4431 | Sewer    | Reached XP level 8. HP: 51/51 MP: 9/9
  5036 | D:4      | Found a staircase to the Ecumenical Temple.
  5104 | D:5      | Entered Level 5 of the Dungeon
  5549 | D:5      | Got an ichor-stained battleaxe
  5550 | D:5      | Identified the cursed +1 battleaxe "Raisin" {protect, Int+5
                  | Stlth+} (You found it on level 5 of the Dungeon)
  5605 | D:5      | Gained mutation: You are missing an eye, making it more
                  | difficult to aim. [Ru sacrifice]
  5605 | D:5      | Reached ** piety under Ru
  5671 | D:5      | Slain by an ogre

Illustrated notes

Levels and vault maps discovered:
D:1:      dpeg_arrival_rhombi, layout_loops_ring
D:2:      layout_basic, gammafunk_temple_overflow_claw, minmay_misc_feat_iff
D:3:      layout_loops_ring, nicolae_ashenzari_panopticon,
          chequers_ecumenical_altar_simple_redux, minmay_misc_feat_alley,
          uniq_sigmund, uniq_robin, uniq_terence
D:4:      layout_cave_pools, minmay_temple_entry_glassed_door,
          nicolae_ossuary_entry_ruins, gup_sewer_entry_bubbles,
          chequers_serial_rivers_small_a
D:5:      layout_gridville, grunt_ministairs_13, kennysheep_boxes

Skill      XL: |  1  2  3  4  5  6  7  8 |
---------------+-------------------------+-----
Long Blades    | 4 5 7 |  7.8
Fighting       | 3 4 5 6 |  6.6
Dodging        | 4 5 |  5.9
Throwing       | |  2.0

Action                   |  1- 3 |  4- 6 |  7- 9 || total
-------------------------+-------+-------+-------++-------
Melee: Long sword        |    46 |    80 |   153 ||   279
       Kick              |    16 |    29 |    71 ||   116
       Peck              |     8 |    15 |    39 ||    62
       Great sword       |       |       |    18 ||    18
Throw: Boomerang         |       |    21 |     3 ||    24
       Dart              |       |     1 |       ||     1
       Throwing net      |       |       |     1 ||     1
Invok: Sacrifice Words   |       |     1 |       ||     1
       Sacrifice an Eye  |       |       |     1 ||     1
 Abil: Fly               |       |     1 |       ||     1
  Use: Potion            |     1 |     1 |       ||     2
       Scroll            |       |    11 |     5 ||    16
 Stab: Sleeping          |       |     1 |     1 ||     2
       Held in net/web   |       |       |     1 ||     1
Armor: Leather armour    |    12 |    14 |    33 ||    59
Dodge: Dodged            |    36 |    58 |   178 ||   272
       Rpst.: Long sword |    10 |    15 |    44 ||    69
       Great sword       |       |       |     5 ||     5

Table legend: (Time is in decaauts)
 A = Elapsed time spent in this place.
 B = Non-inter-level travel time spent in this place.
 C = Inter-level travel time spent in this place.
 D = Time resting spent in this place.
 E = Time spent auto-exploring this place.
 F = Levels seen in this place.
 G = Mean time per level.
                   A        B        C        D        E       F      G
               +--------+--------+--------+--------+--------+-----+--------+
         Total |   5522 |   5304 |    218 |   1048 |   3395 |   6 |  920.3 |
       Dungeon |   4832 |   4614 |    218 |   1046 |   2861 |   5 |  966.4 |
         Sewer |    690 |    690 |      0 |      1 |    534 |   1 |  690.0 |
               +--------+--------+--------+--------+--------+-----+--------+

Top non-repeatable levels by time:
     D:2: 1271 daAuts
     D:3: 1198 daAuts
     D:1: 1154 daAuts
   Sewer: 690 daAuts
     D:4: 666 daAuts
     D:5: 541 daAuts
